[Event "Titled Tuesday Blitz January 03 Early 2023"]
[White "Zhigalko, Sergei"]
[Black "Boros, Denes"]
[WhiteFideId "13502956"]
[BlackFideId "722340"]
[WhiteElo "2572"]
[BlackElo "2406"]
[Result "1-0"]
[Round "07"]
[TimeControl "180+2"]
[Date "2023.01.03"]
[WhiteClock "0:00:05"]
[BlackClock "0:00:06"]

1. e4 c5 2. Nf3 e6 3. c3 Nf6 4. e5 Nd5 5. Bc4 d6 6. d4 cxd4 7. cxd4 Be7 8. O-O Nd7 9. Re1 O-O 10. Qe2 N7b6 11. Bb3 Bd7 12. Qe4 Bc6 13. Qg4 Kh8 14. Nc3 Nxc3 15. bxc3 dxe5 16. Nxe5 Rc8 17. Bc2 Be8 18. Qh3 f5 19. Bb3 Nd5 20. c4 Nf6 21. Bb2 a5 22. a4 Ng4 23. Nxg4 fxg4 24. Qxg4 Qb6 25. Re3 Bf6 26. c5 Qb4 27. Rb1 Rd8 28. Bc3 Rxd4 29. Qxe6 Qxc5 30. Bxd4 Bxd4 31. Rf3 Bg6 32. Rd1 Bf6 33. Qd6 Qc8 34. h3 Qa8 35. Qb6 Qc8 36. Bd5 Bh5 37. Bxb7 Qe8 38. Bc6 Qe6 39. Qc5 Rc8 40. Qxh5 Qxc6 41. Qxa5 h6 42. Qb5 Qe6 43. Qd5 Qa6 44. Qb5 Qe6 45. Qd7 Qa6 46. Rfd3 Rf8 47. Qb5 Qe6 48. Qb4 Be7 49. Qb3 Qf5 50. Rf3 Qc8 51. Rxf8+ Bxf8 52. a5 Bc5 53. Qc2 Qc7 54. Rc1 Bxf2+ 55. Kxf2 Qf4+ 56. Kg1 Qd4+ 57. Kh1 1-0


[Site "https://www.chess.com"]

[Event "Titled Tuesday Blitz January 03 Early 2023"]
[White "Dardha, Daniel"]
[Black "Nakamura, Hikaru"]
[WhiteFideId "240990"]
[BlackFideId "2016192"]
[WhiteElo "2631"]
[BlackElo "2775"]
[Result "0-1"]
[Round "07"]
[TimeControl "180+2"]
[Date "2023.01.03"]
[WhiteClock "0:00:01"]
[BlackClock "0:00:06"]

1. d4 f5 2. Nh3 Nf6 3. g3 d6 4. Bg2 c6 5. c4 g6 6. Nc3 Bg7 7. d5 e5 8. dxe6 Bxe6 9. b3 Ne4 10. Nxe4 fxe4 11. Bd2 d5 12. Nf4 Bf7 13. Rc1 O-O 14. h4 Re8 15. O-O d4 16. e3 Na6 17. exd4 Bxd4 18. Qe2 e3 19. Bxe3 Bxe3 20. fxe3 Qe7 21. Rce1 Nc5 22. Nd3 Nxd3 23. Qxd3 Qe5 24. Kh2 Rad8 25. Qe2 Re7 26. Rf4 Qc3 27. Ref1 Rd2 28. Qf3 Rxe3 29. Qg4 Qb2 30. Qc8+ Re8 31. Qh3 Ree2 32. Rg1 Be6 33. g4 Qe5 34. Qg3 Re3 35. Rf3 Rxf3 36. Qxe5 Bxg4 37. Qe8+ Kg7 38. Qe7+ Kg8 39. Qe8+ Kg7 40. Qe5+ Kg8 41. Re1 Rff2 42. Qg3 Bf3 43. Rg1 Rxg2+ 44. Rxg2 Rxg2+ 45. Qxg2 Bxg2 46. Kxg2 h6 47. Kf3 Kg7 48. Ke4 Kf6 49. b4 g5 50. h5 Ke6 51. c5 Kf6 52. a4 a6 53. a5 Ke6 54. Kd4 Kf5 55. b5 g4 0-1


[Site "https://www.chess.com"]

[Event "Titled Tuesday Blitz January 03 Early 2023"]
[White "Terry, Renato"]
[Black "Naroditsky, Daniel"]
[WhiteFideId "3803457"]
[BlackFideId "2026961"]
[WhiteElo "2520"]
[BlackElo "2618"]
[Result "1/2-1/2"]
[Round "07"]
[TimeControl "180+2"]
[Date "2023.01.03"]
[WhiteClock "0:00:03"]
[BlackClock "0:00:35"]

1. d4 Nc6 2. Nf3 d5 3. Bf4 Bg4 4. e3 e6 5. c4 Nf6 6. Nc3 Bb4 7. Qb3 O-O 8. Ne5 Nxe5 9. Bxe5 c5 10. f3 Bf5 11. a3 Qa5 12. Rc1 Bxc3+ 13. Qxc3 Qxc3+ 14. Rxc3 cxd4 15. Bxd4 Rfc8 16. cxd5 Rxc3 17. bxc3 exd5 18. g4 Be6 19. Bd3 b6 20. Bxf6 gxf6 21. Kd2 Rc8 22. Rb1 Rc5 23. Rb5 h6 24. Rxc5 bxc5 25. c4 Kf8 26. Kc3 Ke7 27. cxd5 Bxd5 28. e4 Be6 29. Bc4 Kd6 30. Bxe6 fxe6 31. f4 e5 32. f5 a6 33. Kb3 Kc6 34. Kc4 Kd6 35. Kb3 Kc6 36. Ka4 Kb6 37. h3 Kc6 38. Ka5 Kd6 39. h4 Kc6 40. Ka4 Kd6 41. Kb3 Kc6 42. Kc4 Kd6 43. Kd3 Kc6 44. Ke3 Kd6 45. Kd3 Kc6 46. Kc3 Kd6 47. Kb3 Kc6 48. Kc4 Kd6 49. a4 Kc6 50. Kc3 Kd6 51. Kd3 Kc6 52. Kc3 Kd6 53. Kb3 Kc6 54. Kc4 Kd6 55. Kc3 Kc6 56. Kd3 Kd6 57. Kc4 Kc6 58. Kc3 1/2-1/2


[Site "https://www.chess.com"]

[Event "Titled Tuesday Blitz January 03 Early 2023"]
[White "Tang, Andrew"]
[Black "Fedoseev, Vladimir"]
[WhiteFideId "2059630"]
[BlackFideId "24130737"]
[WhiteElo "2523"]
[BlackElo "2680"]
[Result "0-1"]
[Round "07"]
[TimeControl "180+2"]
[Date "2023.01.03"]
[WhiteClock "0:00:01"]
[BlackClock "0:01:02"]

1. d4 d5 2. Bf4 c5 3. e3 cxd4 4. exd4 Nc6 5. Nf3 Bg4 6. c3 e6 7. Qb3 Bd6 8. Qxb7 Bxf4 9. Qxc6+ Kf8 10. Ne5 Bxe5 11. dxe5 Ne7 12. Qa4 Qb8 13. Bd3 Qxb2 14. O-O Qxa1 15. Qb3 d4 16. Bc4 Bf5 17. Na3 0-1


[Site "https://www.chess.com"]

[Event "Titled Tuesday Blitz January 03 Early 2023"]
[White "Grigoriants, Sergey"]
[Black "Jobava, Baadur"]
[WhiteFideId "4130804"]
[BlackFideId "13601520"]
[WhiteElo "2562"]
[BlackElo "2578"]
[Result "1-0"]
[Round "07"]
[TimeControl "180+2"]
[Date "2023.01.03"]
[WhiteClock "0:00:04"]
[BlackClock "0:00:18"]

1. c4 e5 2. Nc3 d6 3. g3 c6 4. Bg2 f5 5. d3 Nf6 6. Nf3 Be7 7. O-O O-O 8. b4 Kh8 9. b5 c5 10. a4 Nbd7 11. a5 Rb8 12. Ng5 Qe8 13. Ne6 Rg8 14. a6 b6 15. f4 Nf8 16. Nc7 Qd8 17. N7d5 Ng6 18. Bb2 Rf8 19. Nxf6 Bxf6 20. Nd5 Be6 21. Nxf6 gxf6 22. e4 Qd7 23. Qh5 Ne7 24. Rf2 Rg8 25. Raf1 Rg7 26. exf5 Bf7 27. Qh4 Ng8 28. g4 Re8 29. Kh1 d5 30. fxe5 fxe5 31. g5 dxc4 32. dxc4 Qd3 33. g6 Qxc4 34. gxf7 Qxf7 35. Re1 Qb3 36. Bxe5 Rxe5 37. Rxe5 Qc3 38. Ree2 Nf6 39. Rf1 h5 40. Qf4 Kh7 41. h3 Qd3 42. Re6 Qc2 43. Rf2 Qb1+ 44. Kh2 Qa1 45. Qe5 Qa3 46. Rxf6 h4 47. Rg6 1-0


[Site "https://www.chess.com"]

[Event "Titled Tuesday Blitz January 03 Early 2023"]
[White "Pranav, V"]
[Black "Zierk, Steven"]
[WhiteFideId "25060783"]
[BlackFideId "2034255"]
[WhiteElo "2597"]
[BlackElo "2488"]
[Result "0-1"]
[Round "07"]
[TimeControl "180+2"]
[Date "2023.01.03"]
[WhiteClock "0:00:08"]
[BlackClock "0:00:08"]

1. d4 e6 2. Nf3 f5 3. e3 Nf6 4. b3 b6 5. Bb2 Bb7 6. Nbd2 Be7 7. Bd3 O-O 8. c4 c5 9. O-O Ne4 10. Qc2 d5 11. cxd5 exd5 12. Rad1 Nd7 13. Bb5 Rc8 14. Bxd7 Qxd7 15. Ne5 Qe6 16. f3 cxd4 17. Qd3 Nxd2 18. Rxd2 Qxe5 19. Bxd4 Qe6 20. h3 Bf6 21. Kh1 Bxd4 22. Qxd4 Rfe8 23. Re1 Qe5 24. Qa4 f4 25. Rde2 Bc6 26. Qxa7 Qc7 27. Qa6 fxe3 28. Qd3 Re7 29. Rxe3 Rce8 30. Rxe7 Rxe7 31. Rc1 Qd6 32. a4 h6 33. Qa6 Qf4 34. Rg1 Qb4 35. Qc8+ Be8 36. Qd8 Re5 37. f4 Qxf4 38. Qxb6 d4 39. a5 d3 40. a6 Qf6 41. Qb8 d2 42. a7 Re1 43. a8=Q Rxg1+ 44. Kh2 Rh1+ 45. Kxh1 d1=Q+ 46. Kh2 Qfd6+ 47. Qxd6 Qxd6+ 48. Kh1 Kf7 49. Qa7+ Qe7 50. Qf2+ Qf6 51. Qa7+ Kg6 52. Qb8 Bc6 53. Kh2 Kh7 54. b4 Qg6 55. Qg3 Qxg3+ 56. Kxg3 Kg6 57. Kf2 Kf5 58. g3 Ke4 59. Ke2 Bb5+ 60. Kf2 g5 61. g4 Kf4 0-1


[Site "https://www.chess.com"]

[Event "Titled Tuesday Blitz January 03 Early 2023"]
[White "Jones, Gawain C B"]
[Black "Bluebaum, Matthias"]
[WhiteFideId "409561"]
[BlackFideId "24651516"]
[WhiteElo "2618"]
[BlackElo "2669"]
[Result "1-0"]
[Round "07"]
[TimeControl "180+2"]
[Date "2023.01.03"]
[WhiteClock "0:00:06"]
[BlackClock "0:00:04"]

1. Nf3 d5 2. b3 c5 3. g3 Nc6 4. Bb2 d4 5. Bg2 g6 6. e3 Bg7 7. O-O Nh6 8. d3 O-O 9. a4 dxe3 10. Bxg7 exf2+ 11. Rxf2 Kxg7 12. Qe1 f6 13. Qc3 Qd6 14. Nbd2 e5 15. Ne4 Qe7 16. Qxc5 Qxc5 17. Nxc5 b6 18. Nd2 bxc5 19. Bxc6 Rb8 20. Ne4 Bh3 21. Nxc5 Rbc8 22. Bg2 Bxg2 23. Ne6+ Kf7 24. Nxf8 Ba8 25. Nxh7 Ng4 26. Raf1 Nxf2 27. Rxf2 f5 28. Ng5+ Kf6 29. h4 a5 30. Kf1 Ke7 31. Ke1 Rd8 32. Re2 Kf6 33. Nh7+ Kg7 34. Ng5 Kf6 35. Kd2 Rd7 36. Ke3 Bc6 37. c3 Rb7 38. Rb2 Bxa4 39. Ra2 Bxb3 40. Rxa5 Bg8 41. Ra6+ Kg7 42. Ne6+ Kh6 43. c4 Rb3 44. Nc5 Rb1 45. Nd7 e4 46. Nf6 Bf7 47. Ra7 Be6 48. Rh7# 1-0


[Site "https://www.chess.com"]

[Event "Titled Tuesday Blitz January 03 Early 2023"]
[White "Ter-Sahakyan, Samvel"]
[Black "Xiong, Jeffery"]
[WhiteFideId "13302531"]
[BlackFideId "2047640"]
[WhiteElo "2617"]
[BlackElo "2692"]
[Result "0-1"]
[Round "07"]
[TimeControl "180+2"]
[Date "2023.01.03"]
[WhiteClock "0:00:03"]
[BlackClock "0:00:32"]

1. d4 d5 2. c4 dxc4 3. e4 e5 4. Nf3 Nf6 5. Nc3 exd4 6. Nxd4 Bc5 7. Be3 Ng4 8. Qa4+ Qd7 9. Qxc4 Nxe3 10. fxe3 Bd6 11. O-O-O Nc6 12. Nf5 O-O 13. Qb3 Qe8 14. Nxd6 cxd6 15. Rxd6 Be6 16. Qxb7 Ne5 17. Bb5 Rb8 18. Qa6 Qe7 19. Rhd1 Qg5 20. Qxa7 Rxb5 21. Nxb5 Nc4 22. a4 Qxg2 23. Qd4 Nxd6 24. Qxd6 Qxe4 25. Qd4 Qa8 26. Nc3 Bb3 27. Rg1 g6 28. Ne4 Rc8+ 29. Kd2 Rc2+ 30. Ke1 Qa5+ 31. Kf1 Bc4+ 0-1


[Site "https://www.chess.com"]

[Event "Titled Tuesday Blitz January 03 Early 2023"]
[White "Sanal, Vahap"]
[Black "Bortnyk, Mykola"]
[WhiteFideId "6300545"]
[BlackFideId "14120836"]
[WhiteElo "2600"]
[BlackElo "2425"]
[Result "1-0"]
[Round "07"]
[TimeControl "180+2"]
[Date "2023.01.03"]
[WhiteClock "0:00:35"]
[BlackClock "0:00:24"]

1. e4 Nf6 2. Nc3 d5 3. e5 Nfd7 4. f4 c5 5. Nf3 Nc6 6. Be2 Nb6 7. O-O Bg4 8. d3 e6 9. Kh1 Be7 10. Qe1 h5 11. a3 a6 12. Nd1 h4 13. Ne3 Bxf3 14. Bxf3 Nd4 15. Bd1 g6 16. c3 Nf5 17. Nxf5 gxf5 18. Bf3 Qc7 19. Be3 O-O-O 20. Qf2 Kb8 21. b4 Nd7 22. c4 d4 23. Bd2 b6 24. Rfb1 Ka7 25. Qe1 Rb8 26. Rb2 h3 27. g3 Rh6 28. Rab1 f6 29. b5 fxe5 30. fxe5 Rg6 31. Bf4 Bg5 32. bxa6 Bxf4 33. gxf4 Rbg8 34. Qh4 Kxa6 35. a4 Rg4 36. Qe7 R8g7 37. Qxe6 Rxf4 38. Qd5 Rxf3 39. Qxf3 Nxe5 40. Qa8+ Qa7 41. Rxb6+ Ka5 42. R6b5+ Ka6 43. Rb6+ Ka5 44. R1b5+ Kxa4 45. Ra6+ Qxa6 46. Qxa6# 1-0


[Site "https://www.chess.com"]

[Event "Titled Tuesday Blitz January 03 Early 2023"]
[White "Tactrics"]
[Black "Vokhidov, Shamsiddin"]
[BlackFideId "14204223"]
[WhiteElo "2846"]
[BlackElo "2586"]
[Result "0-1"]
[Round "07"]
[TimeControl "180+2"]
[Date "2023.01.03"]
[WhiteClock "0:00:04"]
[BlackClock "0:00:07"]

1. e4 Nf6 2. Nc3 d5 3. exd5 Nxd5 4. g3 Nxc3 5. bxc3 g6 6. Bg2 Bg7 7. Ne2 O-O 8. d3 c5 9. Rb1 Nc6 10. O-O Qd7 11. h3 b6 12. Be3 Bb7 13. Qd2 Rfd8 14. Bh6 Ne5 15. Bxg7 Kxg7 16. Qe3 Bxg2 17. Kxg2 Nc6 18. c4 e6 19. a3 Qe7 20. Qe4 Rd6 21. Nc3 Rc8 22. Nb5 Rd7 23. h4 Qf6 24. Qe1 Ne5 25. f4 Ng4 26. Nc3 Qd4 27. Rf3 Re8 28. Ne4 h6 29. c3 Qxd3 30. Rxd3 Rxd3 31. Nf2 Nxf2 32. Kxf2 Red8 33. Qe5+ Kg8 34. Re1 h5 35. Re3 Rd2+ 36. Kf3 Rd1 37. Qf6 Rf1+ 38. Kg2 Rdd1 39. Re2 Rg1+ 40. Kf3 Rdf1+ 41. Rf2 Rd1 42. f5 exf5 43. Kf4 Rge1 44. Qc6 Rd3 45. Rf3 Re4+ 46. Kg5 Rxf3 47. Kh6 Rfe3 48. Qa8+ Re8 49. Qxa7 R3e6 50. a4 Rd8 51. a5 bxa5 52. Qxa5 Rc8 53. Qb5 Rd6 54. Qb7 Rdc6 55. Qe7 Re6 56. Qd7 Ree8 57. Qd6 Re6 58. Qd7 Rce8 59. Qc7 Re3 60. Qxc5 R3e5 61. Qd4 Kf8 62. Qd6+ R5e7 63. c5 Rc8 64. Kg5 Ke8 65. c6 Rec7 66. Qe5+ Kf8 67. Qd6+ Kg8 68. Kh6 Rxc6 69. Qd4 Kf8 70. Qg7+ Ke7 71. Qe5+ Re6 72. Qd4 Re4 73. Qa7+ Ke8 74. Kg7 Re7 75. Qa4+ Kd8 76. Kf6 Rd7 77. Qa5+ Ke8 78. Qe5+ Kd8 79. Qa5+ Ke8 80. Kg7 Ke7 81. Qe5+ Kd8 82. c4 Rxc4 83. Qa5+ Rcc7 84. Kf8 Rd6 85. Qa8+ Kd7 86. Qa4+ Ke6 87. Qb3+ Ke5 88. Qe3+ Kd5 89. Kg7 Re6 90. Qf4 Rd7 91. Qd2+ Kc6 92. Qc3+ Kd6 93. Qd4+ Ke7 94. Qd5 Rxd5 0-1


[Site "https://www.chess.com"]

[Event "Titled Tuesday Blitz January 03 Early 2023"]
[White "Shimanov, Aleksandr"]
[Black "Koutlas, Nikolaos"]
[WhiteFideId "4198603"]
[BlackFideId "25827138"]
[WhiteElo "2581"]
[BlackElo "2341"]
[Result "1-0"]
[Round "07"]
[TimeControl "180+2"]
[Date "2023.01.03"]
[WhiteClock "0:01:09"]
[BlackClock "0:00:06"]

1. e4 c5 2. Nf3 d6 3. d4 cxd4 4. Qxd4 Nc6 5. Bb5 Bd7 6. Qd3 g6 7. c4 Bg7 8. Nc3 Nf6 9. O-O O-O 10. h3 Rc8 11. Be3 a6 12. Bxc6 Bxc6 13. Nd4 Bd7 14. b3 Qa5 15. Rac1 b5 16. cxb5 axb5 17. Ndxb5 Bxb5 18. Qxb5 Qxb5 19. Nxb5 Nxe4 20. a4 Nc3 21. Nxc3 Bxc3 22. Rc2 Bb4 23. Rfc1 Rb8 24. Ba7 Ra8 25. Rc7 e5 26. Rb7 Ba5 27. Kf1 Rfd8 28. b4 Bxb4 29. Rcc7 Bc5 30. Bxc5 dxc5 31. Rxf7 Rxa4 32. Rg7+ Kf8 33. Rxh7 Kg8 34. Rbg7+ Kf8 35. Rc7 Kg8 36. Rhg7+ Kf8 37. Rxg6 Rd2 38. g3 Ra1+ 39. Kg2 Raa2 40. Rf6+ Kg8 41. Rxc5 e4 42. Re5 Re2 43. Kf1 Kg7 44. Rf4 e3 45. Rxe3 Rxe3 46. fxe3 Kg6 47. Rf2 Ra1+ 48. Kg2 Kg5 49. h4+ Kg4 50. Rf4+ Kh5 51. Rf5+ Kg6 52. g4 Re1 53. h5+ Kh6 54. Kf2 Rh1 55. Kg3 Re1 56. Rf6+ Kg7 57. Re6 Rg1+ 58. Kf4 Rf1+ 59. Kg5 Rf3 60. h6+ Kh8 61. Re8+ Kh7 62. Re7+ Kh8 63. e4 Rf8 64. e5 Rg8+ 65. Kh5 Rf8 66. e6 Rf1 67. Kg6 Rf8 68. g5 Rg8+ 69. Kh5 Rf8 70. g6 Rf5+ 71. Kg4 1-0


[Site "https://www.chess.com"]

[Event "Titled Tuesday Blitz January 03 Early 2023"]
[White "Chigaev, Maksim"]
[Black "Al-Tarboush, Ward"]
[WhiteFideId "4108116"]
[BlackFideId "7601450"]
[WhiteElo "2628"]
[BlackElo "2256"]
[Result "1-0"]
[Round "07"]
[TimeControl "180+2"]
[Date "2023.01.03"]
[WhiteClock "0:00:20"]
[BlackClock "0:00:09"]

1. e4 c5 2. Nf3 Nc6 3. Bb5 e6 4. c3 a6 5. Bxc6 bxc6 6. e5 Ne7 7. O-O Ng6 8. d4 Be7 9. dxc5 Bxc5 10. Nbd2 f5 11. Nc4 O-O 12. Bg5 Qc7 13. b4 Ba7 14. Be3 Bxe3 15. fxe3 a5 16. Nxa5 Nxe5 17. Nxe5 Qxe5 18. Qd4 Qc7 19. e4 Ba6 20. Rf2 fxe4 21. Rxf8+ Rxf8 22. Qxe4 Qb6+ 23. Qd4 Qxd4+ 24. cxd4 Rf4 25. Rd1 Be2 26. g3 Rf3 27. Rd2 Bb5 28. Nb7 Ra3 29. Nc5 d6 30. Nxe6 Bc4 31. Nd8 Bd5 32. Nb7 c5 33. dxc5 Bxb7 34. Rxd6 Kf8 35. c6 Ba6 36. c7 Bb7 37. Rb6 Bc8 38. Rb8 Ke7 39. Rxc8 Kd7 40. Rg8 Kxc7 41. Rxg7+ Kd6 42. Rxh7 Kd5 43. Rh4 Rxa2 44. Rf4 Ke5 45. h4 Rb2 46. h5 Ra2 47. h6 Ra6 48. h7 Rh6 49. Rh4 1-0


[Site "https://www.chess.com"]

[Event "Titled Tuesday Blitz January 03 Early 2023"]
[White "Oliveira, Silvio Eduardo"]
[Black "Deac, Bogdan-Daniel"]
[WhiteFideId "2111560"]
[BlackFideId "1226380"]
[WhiteElo "2297"]
[BlackElo "2700"]
[Result "1-0"]
[Round "07"]
[TimeControl "180+2"]
[Date "2023.01.03"]
[WhiteClock "0:01:14"]
[BlackClock "0:00:16"]

1. e4 g6 2. d4 Bg7 3. Nf3 c6 4. Bd3 d5 5. Nbd2 Nh6 6. O-O O-O 7. Re1 a5 8. a4 Nd7 9. e5 f6 10. e6 Nb6 11. Nb3 Nc4 12. Qe2 Nd6 13. Bf4 f5 14. Ne5 Rf6 15. Qd2 Ng4 16. f3 Rxe6 17. fxg4 fxg4 18. Bh6 Rf6 19. Rf1 Qe8 20. Rae1 Bf5 21. Nc5 b6 22. Bxg7 Kxg7 23. Bxf5 Nxf5 24. Nxg4 Rd6 25. Ne6+ Kh8 26. Qf4 Qf7 27. Qe5+ Kg8 28. Rxf5 1-0


[Site "https://www.chess.com"]

[Event "Titled Tuesday Blitz January 03 Early 2023"]
[White "Kravtsiv, Martyn"]
[Black "Paravyan, David"]
[WhiteFideId "14113147"]
[BlackFideId "4194985"]
[WhiteElo "2598"]
[BlackElo "2601"]
[Result "0-1"]
[Round "07"]
[TimeControl "180+2"]
[Date "2023.01.03"]
[WhiteClock "0:00:03"]
[BlackClock "0:00:10"]

1. e4 e5 2. Nf3 Nf6 3. Nc3 Nc6 4. a4 d5 5. exd5 Nxd5 6. Bb5 Bg4 7. O-O Nxc3 8. bxc3 Qd5 9. c4 Qe4 10. Re1 Bxf3 11. gxf3 Qg6+ 12. Kh1 O-O-O 13. Bxc6 Qxc6 14. d3 Bc5 15. Be3 Rhe8 16. a5 a6 17. Qe2 f5 18. Bxc5 Qxc5 19. Qe3 Qc6 20. Rab1 Rd4 21. Rg1 Rf4 22. Qa7 Qxf3+ 23. Rg2 Rg4 24. Qa8+ Kd7 25. Qxb7 Qxb7 26. Rxb7 e4 27. Rxg4 fxg4 28. Kg2 exd3 29. cxd3 Re5 30. Rb8 Rxa5 31. Rg8 Rg5 32. d4 h5 33. Kg3 Kc6 34. Kh4 Rf5 35. d5+ Kc5 36. Rxg7 Kxc4 37. Rxc7+ Kxd5 38. Ra7 Rxf2 39. Kxh5 Rxh2+ 40. Kxg4 Rh6 41. Kf3 Re6 42. Rd7+ Kc4 43. Rd2 a5 44. Ra2 Kb4 45. Ra1 a4 46. Rb1+ Kc3 47. Ra1 Kb3 48. Rb1+ Kc2 49. Ra1 Ra6 50. Ke3 a3 51. Kd4 a2 0-1


[Site "https://www.chess.com"]

[Event "Titled Tuesday Blitz January 03 Early 2023"]
[White "Galchenko, Matvey"]
[Black "Oparin, Grigoriy"]
[WhiteFideId "24175480"]
[BlackFideId "24125890"]
[WhiteElo "2438"]
[BlackElo "2667"]
[Result "1/2-1/2"]
[Round "07"]
[TimeControl "180+2"]
[Date "2023.01.03"]
[WhiteClock "0:00:12"]
[BlackClock "0:00:10"]

1. f4 c5 2. Nf3 Nf6 3. g3 g6 4. Bg2 Bg7 5. O-O O-O 6. d3 d5 7. Nc3 d4 8. Na4 Qc7 9. c4 dxc3 10. Nxc3 Nc6 11. e4 Rd8 12. e5 Nd5 13. Nxd5 Rxd5 14. Qb3 Rd8 15. Ng5 e6 16. Be3 b6 17. Rac1 Bb7 18. Qc3 Rac8 19. Rfd1 Nb4 20. Qb3 Bxg2 21. Kxg2 Qb7+ 22. Nf3 Rd7 23. a3 Nd5 24. Bf2 Rdc7 25. Qc4 Ne7 26. Qe4 Qb8 27. Rc2 Rd8 28. d4 c4 29. Rdc1 b5 30. Be1 Rcd7 31. Ba5 Re8 32. Nd2 Nf5 33. Nf3 Qc8 34. g4 Ne7 35. Nd2 Qa6 36. Bb4 Nc6 37. Bc5 Red8 38. Nf3 Rd5 39. f5 exf5 40. gxf5 Nxe5 41. dxe5 Rxc5 42. e6 Rxf5 43. e7 Re8 44. Rd1 Qc8 45. Rcd2 Bf6 46. Rd8 Bxe7 47. Rxc8 Rxc8 48. Qxe7 c3 49. bxc3 Kg7 50. Qe4 Rc4 51. Qe3 h5 52. Rd4 Rc6 53. Qd3 Re6 54. Rd5 Rf4 55. Rd4 Rf5 56. Nh4 Rg5+ 57. Kf2 Rf6+ 58. Ke2 Re5+ 59. Re4 Rxe4+ 60. Qxe4 Re6 61. Ke3 Kf6 62. Nf3 g5 63. Qxe6+ Kxe6 64. Ke4 f6 65. Nd4+ Kd6 66. Nxb5+ Kc5 67. a4 a6 68. Nc7 a5 69. Nd5 f5+ 70. Kxf5 Kxd5 71. Kxg5 Kc4 72. Kxh5 Kb3 73. Kg5 Kxa4 74. h4 Kb3 75. h5 a4 76. h6 a3 77. h7 a2 78. h8=Q a1=Q 79. Qb8+ Kc2 80. Qh2+ Kb3 81. Qb8+ Kc2 82. c4 Qg1+ 83. Kf5 Qc5+ 84. Qe5 Qxc4 85. Qe4+ Qxe4+ 86. Kxe4 1/2-1/2


[Site "https://www.chess.com"]

[Event "Titled Tuesday Blitz January 03 Early 2023"]
[White "Dominguez Perez, Leinier"]
[Black "Bacrot, Etienne"]
[WhiteFideId "3503240"]
[BlackFideId "605506"]
[WhiteElo "2739"]
[BlackElo "2667"]
[Result "0-1"]
[Round "07"]
[TimeControl "180+2"]
[Date "2023.01.03"]
[WhiteClock "0:00:01"]
[BlackClock "0:00:06"]

1. e4 c5 2. Nf3 d6 3. d4 cxd4 4. Nxd4 Nf6 5. Nc3 Nc6 6. Bg5 e6 7. Qd2 a6 8. O-O-O Bd7 9. Kb1 Nxd4 10. Qxd4 Be7 11. f4 Bc6 12. Bc4 Qc7 13. Rhe1 O-O 14. f5 b5 15. Bb3 b4 16. Bxf6 Bxf6 17. Qxb4 a5 18. Qxd6 Qb7 19. e5 Be7 20. Qd4 exf5 21. e6 Bf6 22. exf7+ Kh8 23. Qc5 a4 24. Be6 Bxg2 25. Bd5 Bxd5 26. Qxd5 Qxf7 27. Qxf7 Rxf7 28. Nd5 g6 29. Nxf6 Rxf6 30. c4 f4 31. Re7 f3 32. Rdd7 f2 33. Rxh7+ Kg8 34. Rdg7+ Kf8 0-1


[Site "https://www.chess.com"]

[Event "Titled Tuesday Blitz January 03 Early 2023"]
[White "Harsh Suresh"]
[Black "Svane, Rasmus"]
[WhiteFideId "45018464"]
[BlackFideId "4657101"]
[WhiteElo "2298"]
[BlackElo "2623"]
[Result "0-1"]
[Round "07"]
[TimeControl "180+2"]
[Date "2023.01.03"]
[WhiteClock "0:00:16"]
[BlackClock "0:00:20"]

1. e4 c6 2. Nf3 d5 3. d3 dxe4 4. dxe4 Qxd1+ 5. Kxd1 Nf6 6. Nfd2 g5 7. a4 h5 8. a5 g4 9. c3 Bh6 10. Bd3 Nbd7 11. b4 Ne5 12. Bc2 Be6 13. Ke2 O-O-O 14. Rd1 h4 15. Na3 g3 16. hxg3 hxg3 17. f3 Bxd2 18. Bxd2 Rh2 19. Rg1 Rxd2+ 20. Kxd2 Nxf3+ 21. Ke3 Nxg1 22. Rxg1 Rh4 23. Kf3 Nh5 24. Ke3 Nf4 25. Kf3 Rg4 26. Nb1 Ng6 27. Nd2 Ne5+ 28. Ke3 Kc7 29. Bd1 Rh4 30. Nf1 Nc4+ 31. Kf3 Ne5+ 32. Ke3 Rh8 33. Nxg3 Nc4+ 34. Kf2 Rd8 35. Be2 Rd2 36. Rc1 Ne5 37. Ke3 Rb2 38. Nf5 Bxf5 39. exf5 c5 40. bxc5 Kc6 41. Rd1 Kxc5 42. Rd8 Rc2 43. Rc8+ Kd6 44. Rb8 Kc7 45. Re8 Kd7 46. Rb8 Rxc3+ 47. Kd4 Nc6+ 48. Kxc3 Nxb8 49. Bc4 f6 50. Be6+ Kd6 51. Kc4 Nc6 52. Bc8 Nxa5+ 53. Kb5 b6 54. Ka6 Kc7 55. Kxa7 Kxc8 56. Kxb6 Nc4+ 57. Kc5 Ne3 58. g4 Nxg4 59. Kd5 Kd7 60. Ke4 Nh6 61. Kf4 Kd6 62. Ke4 Kc5 63. Kf4 Kd5 64. Kg3 Nxf5+ 65. Kg4 Ke5 66. Kh5 Nd4 67. Kg6 f5 68. Kf7 f4 69. Kxe7 f3 70. Kf7 f2 71. Kg6 f1=Q 72. Kg5 Qg2+ 73. Kh6 Kf6 74. Kh7 Qg7# 0-1


[Site "https://www.chess.com"]

[Event "Titled Tuesday Blitz January 03 Early 2023"]
[White "Puranik, Abhimanyu"]
[Black "Yuan, Qingyu"]
[WhiteFideId "5061245"]
[BlackFideId "8609772"]
[WhiteElo "2613"]
[BlackElo "2373"]
[Result "1-0"]
[Round "07"]
[TimeControl "180+2"]
[Date "2023.01.03"]
[WhiteClock "0:00:20"]
[BlackClock "0:00:03"]

1. Nf3 d5 2. g3 Nf6 3. Bg2 e6 4. O-O Be7 5. b3 O-O 6. Bb2 b6 7. c4 Bb7 8. cxd5 Nxd5 9. d4 Nd7 10. Nbd2 c5 11. Rc1 Rc8 12. Nc4 N5f6 13. Qd2 cxd4 14. Nxd4 Bxg2 15. Kxg2 Nc5 16. Rfd1 Qd5+ 17. f3 Rfd8 18. Qf4 Qb7 19. e4 h6 20. Qe3 a6 21. Qe2 b5 22. Na5 Qb6 23. Ndc6 Re8 24. Nxe7+ Rxe7 25. b4 Rec7 26. Bd4 Nfd7 27. Be3 g5 28. Rc3 g4 29. fxg4 Nxe4 30. Bxb6 Nxc3 31. Bxc7 Nxe2 32. Rxd7 Nc3 33. Nc6 Kh7 34. Rxf7+ Kg6 35. Ne5+ Kg5 36. h4# 1-0


[Site "https://www.chess.com"]

[Event "Titled Tuesday Blitz January 03 Early 2023"]
[White "Narayanan, Srinath"]
[Black "Tan, Zhongyi"]
[WhiteFideId "5018420"]
[BlackFideId "8603642"]
[WhiteElo "2559"]
[BlackElo "2517"]
[Result "1/2-1/2"]
[Round "07"]
[TimeControl "180+2"]
[Date "2023.01.03"]
[WhiteClock "0:00:05"]
[BlackClock "0:00:02"]

1. d4 d5 2. Bf4 Nf6 3. e3 Bg4 4. Be2 Bxe2 5. Qxe2 Nbd7 6. Nf3 e6 7. Nbd2 c5 8. O-O cxd4 9. exd4 Qb6 10. c4 dxc4 11. Nxc4 Qa6 12. Rfe1 Nd5 13. Bg3 Be7 14. Nd6+ Bxd6 15. Qxa6 bxa6 16. Bxd6 Rc8 17. Rac1 N7b6 18. Ne5 f6 19. Nd3 Kf7 20. Bc5 Rhd8 21. b3 a5 22. a3 g5 23. h3 Ne7 24. Bxe7 Rxc1 25. Rxc1 Kxe7 26. Rc7+ Rd7 27. Rxd7+ Nxd7 28. Kf1 Kd6 29. Ke2 Nb6 30. Nc5 Kd5 31. Kd3 e5 32. Ne4 Nd7 33. Nc3+ Kd6 34. Ke4 f5+ 35. Ke3 a6 36. g4 f4+ 37. Kd3 h6 38. f3 Ke6 39. Ne4 Kd5 40. Nc3+ Kd6 41. b4 axb4 42. axb4 Ke6 43. Kc4 Nb6+ 44. Kc5 Nd7+ 45. Kc4 Nb6+ 46. Kd3 Nd7 47. Na4 Kd5 48. Nc3+ Ke6 1/2-1/2


[Site "https://www.chess.com"]

[Event "Titled Tuesday Blitz January 03 Early 2023"]
[White "Timofeev, Artyom"]
[Black "Borges Feria, Yasel"]
[WhiteFideId "4140419"]
[BlackFideId "3504921"]
[WhiteElo "2567"]
[BlackElo "2439"]
[Result "1-0"]
[Round "07"]
[TimeControl "180+2"]
[Date "2023.01.03"]
[WhiteClock "0:02:47"]
[BlackClock "0:02:36"]

1. d4 Nf6 2. Nc3 d5 3. Bf4 c6 4. e3 g6 5. h4 Bg7 6. Be2 h5 7. Nf3 Bg4 8. Ne5 Bxe2 9. Qxe2 Nbd7 10. O-O-O e6 11. Kb1 Qe7 12. f3 O-O-O 13. Nxc6 1-0


[Site "https://www.chess.com"]

[Event "Titled Tuesday Blitz January 03 Early 2023"]
[White "Abasov, Nijat"]
[Black "Pakleza, Zbigniew"]
[WhiteFideId "13402960"]
[BlackFideId "1119290"]
[WhiteElo "2634"]
[BlackElo "2494"]
[Result "1-0"]
[Round "07"]
[TimeControl "180+2"]
[Date "2023.01.03"]
[WhiteClock "0:00:53"]
[BlackClock "0:00:18"]

1. d4 d5 2. Nf3 c6 3. Bf4 Qb6 4. Qc1 Bf5 5. Nbd2 e6 6. e3 Nf6 7. c4 Be7 8. Nh4 Be4 9. f3 Bg6 10. c5 Qd8 11. Nxg6 hxg6 12. g4 Nbd7 13. Bg3 Nh7 14. b4 a6 15. Nb3 Bh4 16. Bd3 Ng5 17. Ke2 Bxg3 18. hxg3 Ke7 19. f4 Ne4 20. Bxe4 dxe4 21. g5 f5 22. Na5 Qc7 23. Nc4 b6 24. cxb6 Qb7 25. a4 Rxh1 26. Qxh1 Nxb6 27. Qh7 Rb8 28. Qxg7+ Kd8 29. Qf8+ Kc7 30. Qd6+ Kc8 31. Rh1 Qg7 32. Qxc6+ Kd8 33. Nxb6 1-0


[Site "https://www.chess.com"]